[Event "Turkish Youth Teams U18 2024"]
[Site "Karaman"]
[Date "2024.04.23"]
[Round "6"]
[White "Durucay, Uygar"]
[Black "Simsek, Ayaz"]
[Result "1-0"]
[ECO "D20"]
[WhiteElo "1995"]
[BlackElo "1867"]
[Annotator "TA"]
[PlyCount "97"]
[EventDate "2024.04.21"]
[EventType "team-tourn"]
[EventCountry "TUR"]
[SourceTitle "playchess.com"]
[Source "ChessBase"]
[SourceQuality "1"]
[TimeControl "5400+30"]

1. d4 d5 2. c4 dxc4 3. e3 e5 4. Bxc4 exd4 5. exd4 Nf6 6. Nf3 Bd6 7. O-O O-O 8. h3 h6 9. Nc3 Nc6 10. a3 Bf5 11. b4 Ne4 12. Bb2 Qf6 (12... Nxc3 $11 13. Bxc3 Ne7) 13. b5 (13. Nd5 $14 Qd8 14. Ne3) 13... Ne7 14. Nxe4 Bxe4 15. Ne5 Qg5 16. g3 Bxe5 17. dxe5 Nf5 $2 (17... Rad8 $11 {and Black stays safe.} 18. Qg4 Bf5 19. Qxg5 hxg5) 18. Qg4 $2 (18. Qe1 $1 $18 Bf3 19. Qc3) 18... Qxg4 $14 19. hxg4 Ne7 20. Bc3 {Black is weak on the dark squares} ({White should play} 20. Rac1 $14) 20... Bf3 21. Rac1 Nd5 22. Bd2 (22. Rfe1 $11 {deserves consideration.}) 22... Nb6 (22... Rfd8 $15 {feels stronger.}) 23. Bb3 {This pair of bishops is nice.} Be2 (23... Rfd8 $11 {keeps the balance.} 24. Bb4 c6) 24. Rfe1 Bxb5 25. Rxc7 {White is much more active.} (25. e6 $16 Bc6 26. Bb4 (26. exf7+ Rxf7 27. Be6 Nd5 $18)) 25... Bc6 26. Bb4 Rac8 27. Rxc8 Rxc8 28. Bc5 (28. e6 $14 Nd5 29. Bc5) 28... Rd8 29. Be6 $2 (29. e6 $14 {stays ahead.} fxe6 30. Rxe6 (30. Bxe6+ Kh8 $14)) 29... Kh8 $4 (29... fxe6 $19 {and life is good for Black.} 30. Be3 Nc4) 30. Bf5 $2 (30. Bxf7 $18 {Strongly threatening e6.} Rc8 31. e6) 30... Rd5 $11 31. Bb4 Rd8 32. Bc3 Nd5 33. Bd4 a6 34. f4 (34. Bc5 $11) 34... Re8 {[#]} (34... Nxf4 $1 $15 35. Bb6 Nh3+ 36. Kh2 Ng5 37. Bxd8 Nf3+ 38. Kg2 Nxe1+ 39. Kf2 Nf3) 35. Bc3 $2 {[%mdl 8192] [#]} a5 $2 36. Bd4 Rxe5 $2 37. Bc3 $4 (37. Rxe5 $18 {avoids the disaster.} f6 38. Re2) 37... Re8 $2 (37... Nxc3 38. Rxe5 (38. fxe5 Kg8 $18) 38... Kg8 39. Rxa5 $18) (37... Rxf5 $19 38. gxf5 (38. Bd4 $2 Rf6 $19) 38... Nxc3) 38. Be5 $2 ({Much worse is} 38. Bxa5 Ra8 39. Bb4 g6 $15) (38. Rxe8+ $11 Bxe8 39. Bxa5) 38... Re7 (38... f6 $1 $17 39. Bg6 fxe5 40. Bxe8 Bxe8 41. Rxe5 Bc6) 39. Bg6 $2 Rd7 $2 (39... fxg6 $19 40. Bc3 Rxe1+ 41. Bxe1 a4) 40. Rd1 $2 Re7 $2 ({Black should try} 40... fxg6 $19 41. g5 hxg5) 41. Bf5 {[#]} (41. Re1 $1 $11) 41... Rd7 $2 42. Kf2 $2 {[#]} ({White must play} 42. Bxd7 $18 Bxd7 43. Rxd5 Bxg4 44. Kf2 (44. Rxa5 Be2 $18)) 42... Kg8 $2 43. Rb1 $2 ({Only move:} 43. Bxd7 $18 Bxd7 44. Rxd5 Bxg4 45. Rxa5) 43... Re7 $15 44. Bc8 {[#]} Nc3 $2 45. Bd6 $4 (45. Bxc3 $18 Re8 46. Bf5 (46. Bxb7 Rb8 $18)) 45... Nxb1 $2 ({Better is} 45... Re2+ $19 46. Kf1 Bg2+ 47. Kg1 Nxb1) 46. Bxe7 Kh8 47. Be6 $2 Nc3 $2 {[#]} (47... fxe6 $19 48. Ke3 Nc3) 48. Ke3 $2 a4 $2 {[#]} (48... fxe6 $19 49. Bd8 Ne4) 49. Bd8 $2 {[%mdl 40960] Weighted Error Value: White=1.63/Black=1.60.  Loses game:     	White=7     	Black=5      Missed win:     	White=6     	Black=8      Mistake:       	White=7     	Black=5      Inaccurate:     	White=1     	Black=2      OK:         	White=5     	Black=5      Best:        	White=1     	Black=2     . Loss on time!?} 1-0

[Event "Turkish Youth Teams U18 2024"]
[Site "Karaman"]
[Date "2024.04.23"]
[Round "6"]
[White "Dogan, Umut Anil"]
[Black "Ari, Hasancan"]
[Result "1-0"]
[ECO "B11"]
[WhiteElo "1983"]
[BlackElo "1767"]
[Annotator "TA"]
[PlyCount "151"]
[EventDate "2024.04.21"]
[EventType "team-tourn"]
[EventCountry "TUR"]
[SourceTitle "playchess.com"]
[Source "ChessBase"]
[SourceQuality "1"]
[TimeControl "5400+30"]

1. e4 c6 2. Nc3 d5 3. Nf3 dxe4 4. Nxe4 Nf6 5. Qe2 Nxe4 6. Qxe4 Nd7 {B11: Caro-Kann: Two Knights Variation.} 7. Bc4 Nf6 8. Ne5 e6 9. Qe2 b5 10. Bd3 (10. Nxc6 Qc7 11. Bd3 (11. Bxb5 $2 a6 $19) 11... a6 $15 (11... Qxc6 $2 12. Bxb5 $18)) 10... Qc7 {[#]} 11. Nxc6 (11. a4 $1 $11) 11... a6 (11... Qxc6 $2 12. Bxb5 $18) 12. Ne5 Bd6 13. Ng4 Nd5 $146 ({Predecessor:} 13... Nxg4 14. Qxg4 f5 15. Qh5+ g6 16. Qh3 e5 17. a4 e4 18. Be2 b4 19. d3 Qxc2 20. dxe4 Qxe4 {1-0 Gazik,V (2508)-Antal,G (2562) SVK-chT 1920 2019 (5.6)}) 14. Be4 $1 Bb7 15. Ne3 O-O (15... Bxh2 $2 16. Bxd5 (16. Nxd5 exd5 17. Bxd5+ Kf8 $16) 16... exd5 17. d4 $18 (17. Nxd5+ Qe5 $16) (17. Ng4+ Kf8 $15)) 16. d3 Nxe3 (16... Bxh2 $2 {is the wrong capture.} 17. Qh5 f5 18. Nxd5 (18. Rxh2 Nf6 $15) (18. Qxh2 Qxh2 19. Rxh2 fxe4 $11) (18. Bxd5 exd5 19. Qxh2 Qxh2 $18) 18... exd5 19. Bf3 $18 (19. Qxh2 Qxh2 20. Bxd5+ Bxd5 $11) (19. Bxf5 $2 Qe5+ 20. Be3 Rxf5 $19) (19. Rxh2 g6 $16)) (16... Nc3 $17 17. bxc3 Bxe4) 17. Bxe3 $11 Bxe4 18. dxe4 Bb4+ 19. Bd2 Bxd2+ 20. Qxd2 Qe5 21. O-O-O Qxe4 22. f3 Qc4 23. Kb1 a5 24. Qd4 Qc7 25. Qd6 Rac8 26. Qxc7 Rxc7 27. Rd6 Rfc8 28. Rhd1 Kf8 29. c3 Rc6 30. Rd7 R6c7 31. Rxc7 Rxc7 32. Rd4 Ke7 33. a4 bxa4 34. Rxa4 Rc5 35. Kc2 h5 36. b3 Rd5 37. Re4 Rb5 38. c4 Rc5 39. Kc3 Kd6 40. b4 axb4+ 41. Kxb4 Rc7 42. Rd4+ Kc6 43. Rh4 Rb7+ 44. Kc3 g6 45. g4 hxg4 46. fxg4 Rb1 47. Kd4 Rf1 48. h3 Rf4+ 49. Ke5 Rf1 50. Rh8 Kd7 51. Kd4 Kc6 52. Ke5 Kd7 53. Rh7 Kc6 54. Rh8 Kd7 55. h4 f6+ 56. Kd4 Rf4+ 57. Kc5 {Black must now prevent h5.} Rxg4 58. Rh7+ Ke8 59. Kb5 Rd4 60. c5 Rd7 $2 (60... e5 $11 {and Black is okay.}) 61. Rh8+ $18 Ke7 62. c6 $1 {White threatens Rh7+ and mate.} Rd8 {[#]} 63. Rh7+ $1 Kd6 {[#]} 64. c7 $1 Rc8 65. Kb6 Ke5 66. Kb7 Rxc7+ 67. Kxc7 Kf5 68. Kd6 e5 69. Kd5 Kf4 70. Rg7 Kf5 71. Rg8 e4 72. Re8 g5 73. h5 g4 74. h6 Kg6 75. Kxe4 f5+ 76. Kf4 1-0

[Event "Turkish Youth Teams U18 2024"]
[Site "Karaman"]
[Date "2024.04.23"]
[Round "6"]
[White "Ilgaz, Yusuf Kerem"]
[Black "Ozkeskin, Nazim Efe"]
[Result "1/2-1/2"]
[ECO "B10"]
[WhiteElo "1957"]
[BlackElo "1926"]
[Annotator "TA"]
[PlyCount "76"]
[EventDate "2024.04.21"]
[EventType "team-tourn"]
[EventCountry "TUR"]
[SourceTitle "playchess.com"]
[Source "ChessBase"]
[SourceQuality "1"]
[TimeControl "5400+30"]

1. e4 c6 2. Nf3 d5 3. d3 dxe4 4. dxe4 Qxd1+ 5. Kxd1 Bg4 6. Be2 Nd7 7. Ne1 Bxe2+ 8. Kxe2 {White is slightly better.} Ngf6 9. f3 e6 10. Nd3 Bd6 11. Be3 h5 12. Nd2 Bc7 13. a4 a5 14. h3 h4 15. Nc4 b5 16. axb5 cxb5 17. Na3 {White is more active.} Rh5 {[#]} 18. e5 Bxe5 $11 19. Nxb5 {Strongly threatening Nxe5.} Nd5 20. c4 Nxe3 21. Kxe3 Ke7 22. Rhc1 Bg3 23. Ra3 (23. b4 $11) 23... Rd8 ({Black should play} 23... Ne5 $17 24. Rac3 Rb8 (24... Nxc4+ 25. Rxc4 Rxb5 26. R1c2 $15)) 24. f4 (24. Rxa5 Ne5 25. Ra7+ Kf8 $17) (24. Nd4 $1 $11 Ne5 25. f4 Nxd3 26. Rxd3) 24... e5 (24... g5 $17 {aiming for ...gxf4+.} 25. Ke2 gxf4) 25. f5 ({Of course not} 25. Rxa5 exf4+ 26. Ke2 (26. Nxf4 $2 {too greedy.} Re5+ 27. Kf3 Rf5 $19) 26... Ne5 $17) 25... Rxf5 26. Rxa5 e4 27. Kxe4 Kf6 {[#]} (27... g6 $11 {remains equal.} 28. Na7 Rf6 (28... Nf6+ 29. Ke3 $16)) 28. Rca1 ({White must play} 28. b4 $1 $16) 28... Nc5+ {The position is equal.} 29. Nxc5 {A dynamic duo of knights.} Re5+ 30. Kf3 Rxc5 31. Nc3 $1 Rxc4 32. Ne4+ Kg6 33. R1a3 {Inhibits Rd3+.} Rdd4 34. Nxg3 hxg3 35. Kxg3 Rc2 36. Kh2 Rxb2 37. Ra6+ Kh7 38. Rg3 Rf4 {Weighted Error Value: White=0.21 (precise) /Black=0.21 (precise) .  Mistake:       	White=4     	Black=3      Inaccurate:     	---       	Black=3      OK:         	White=10    	Black=12     Best:        	White=2     	Black=1      Strong:       	White=1     	---} 1/2-1/2

[Event "Turkish Youth Teams U18 2024"]
[Site "Karaman"]
[Date "2024.04.23"]
[Round "6"]
[White "Buyuk, Ecrin Efsa"]
[Black "Gedik, Eylul Ceren"]
[Result "0-1"]
[ECO "B23"]
[WhiteElo "1949"]
[BlackElo "1727"]
[Annotator "TA"]
[PlyCount "103"]
[EventDate "2024.04.21"]
[EventType "team-tourn"]
[EventCountry "TUR"]
[SourceTitle "playchess.com"]
[Source "ChessBase"]
[SourceQuality "1"]
[TimeControl "5400+30"]

1. e4 c5 2. Nc3 Nc6 3. Nge2 d6 4. h3 e6 5. g3 g6 6. d4 {With the idea dxc5.} cxd4 7. Nxd4 Bg7 (7... e5 $14 8. Nxc6 bxc6) 8. Ndb5 $16 {White is better.} Bf8 (8... Ke7 $16) 9. Bf4 $18 Ne5 (9... e5 $142) 10. Bxe5 (10. Qe2 $16 {Hoping for 0-0-0.} a6 11. O-O-O) 10... dxe5 $11 11. Qxd8+ Kxd8 12. O-O-O+ Bd7 13. Nd6 Bxd6 14. Rxd6 {Bb5 is the strong threat.} Kc7 15. Rd2 a6 {Inhibits Bb5.} 16. a4 Ne7 17. b3 Rhd8 18. Bg2 Bc6 19. Rhd1 b6 20. Bf1 {Threatening Rxd8.} (20. Rxd8 {simplifies} Rxd8 21. Rxd8 Kxd8 22. Bf1) 20... Bb7 (20... Rxd2 {simplifies} 21. Kxd2 Nc8 22. f4 Bb7) 21. Bc4 (21. Rxd8 {simplifies} Rxd8 22. Rxd8 Kxd8 23. Kd2) 21... Nc6 22. f4 Rxd2 23. Rxd2 Nd4 24. Rf2 Rd8 25. b4 Kd6 (25... Rd7 $15 {deserves consideration.}) 26. fxe5+ Ke7 $1 27. Kb2 (27. b5 $11 {keeps the balance.} axb5 28. Nxb5 (28. Bxb5 Bc6 $15)) 27... Nc6 $17 28. Bxa6 Bxa6 29. b5 {[#]} Bxb5 30. axb5 Nxe5 {[%mdl 4096] Endgame. KRN-KRN} 31. Kb3 Rd4 32. Re2 Kd6 (32... Nc4 $17 33. e5 Nd2+ 34. Ka2 h5) 33. Na4 $15 Nd7 {Black is more active.} 34. e5+ Kd5 $2 {[#]} (34... Nxe5 35. Nxb6 Rd1 36. c4 $14) (34... Kc7 $1 $17 35. Nc3 Kd8) 35. c4+ $1 Rxc4 $11 36. Nc3+ $1 Kc5 37. Ne4+ Kd5 (37... Kxb5 $2 38. Nd6+ Kc6 39. Nxc4 $18 (39. Kxc4 Nxe5+ 40. Rxe5 Kxd6 $18)) 38. Nc3+ (38. Rd2+ Rd4 39. Nc3+ Kxe5 40. Re2+ Kd6 $19) 38... Kc5 {And now ...Rb4+ would win.} 39. Ne4+ Rxe4 40. Rxe4 Kxb5 {( -> ...Nc5+). KR-KN} 41. Rd4 Nxe5 42. g4 Kc5 43. Re4 Kd5 44. Rb4 {[#]} Nd7 (44... f5 $1 $17 45. gxf5 exf5 (45... gxf5 46. Rb5+ Ke4 47. Rxb6 $11)) 45. g5 Ke5 46. Rh4 (46. h4 $11 {remains equal.}) 46... Nf8 ({Black should try} 46... Nc5+ $17 47. Kc4 Ne4 48. Rxh7 Nxg5) 47. Kb4 $2 (47. Ra4 $11 {and White has nothing to worry.}) 47... Kf5 $19 48. Rg4 e5 49. Kb5 $2 (49. Rg1 Ne6 50. h4) 49... Ne6 50. Kxb6 Nxg5 51. Rh4 h5 52. Kc5 {Weighted Error Value: White=0.72/Black=0.24 (precise) .  Loses game:     	White=1     	---        Mistake:       	White=6     	Black=8      Inaccurate:     	White=5     	Black=2      OK:         	White=9     	Black=17     Best:        	White=5     	Black=3      Strong:       	White=1     	Black=1} 0-1

[Event "Turkish Youth Teams U18 2024"]
[Site "Karaman"]
[Date "2024.04.23"]
[Round "6"]
[White "Yildiz, Egehan"]
[Black "Sadik, Muhammed Selim"]
[Result "1-0"]
[ECO "D37"]
[WhiteElo "1912"]
[BlackElo "1737"]
[Annotator "TA"]
[PlyCount "109"]
[EventDate "2024.04.21"]
[EventType "team-tourn"]
[EventCountry "TUR"]
[SourceTitle "playchess.com"]
[Source "ChessBase"]
[SourceQuality "1"]
[TimeControl "5400+30"]

1. d4 Nf6 2. c4 e6 3. Nf3 d5 4. Nc3 Be7 5. Bf4 O-O 6. e3 Nbd7 7. g4 dxc4 8. Bxc4 Nb6 9. Bd3 {The position is equal.} Nfd5 10. Be5 (10. Bg3 $5) 10... Nd7 11. Nxd5 exd5 12. Qc2 Nxe5 13. Bxh7+ (13. Nxe5 g6 $15) 13... Kh8 14. Nxe5 (14. dxe5 $2 {perishes.} g6 (14... Bxg4 $2 15. Nd2 $19) 15. h4 Kxh7 $19) 14... Bb4+ 15. Kf1 Bd6 $1 {And now ...g6 would win.} 16. Bf5 Qh4 17. Nf3 (17. Rg1 $14 {is superior.}) 17... Qh3+ $11 18. Ke2 b6 (18... g6 $1 $11 19. Bxc8 Raxc8) 19. Bxc8 $1 $16 Raxc8 20. Qf5 $36 {[%mdl 2048] Black is under strong pressure.} c6 21. Qg5 Rc7 22. Qh4+ Qxh4 23. Nxh4 c5 24. Rac1 Rfc8 (24... Rb8 $142 25. g5 c4) 25. Nf3 ({White should try} 25. dxc5 Rxc5 26. Rxc5 Rxc5 27. Rd1) 25... c4 26. Rc2 b5 27. Nd2 c3 (27... Kg8 $14) 28. bxc3 Rxc3 29. Rb2 (29. Rxc3 $16 Rxc3 30. Rb1) 29... a6 $11 30. e4 Ba3 31. Rb3 dxe4 (31... b4 $11 {keeps the balance.}) 32. Rxc3 $16 {White stays focused until the end.} Rxc3 33. Nxe4 $11 {[%mdl 4096] Endgame. KRB-KRN} Rc2+ 34. Kd3 Rxa2 35. d5 $1 Kg8 36. d6 Kf8 37. Re1 g6 $2 {[%mdl 8192] [#]} (37... Bb4 $16 38. Rc1 Ke8) 38. g5 $2 (38. d7 $1 Be7 39. g5 Ra3+ 40. Kd4) 38... Bxd6 39. Nxd6 Rxf2 $18 {KRN-KR} 40. h4 {Black must now prevent Re8+.} f5 $2 (40... Rf4 41. Re8+ Kg7) 41. Re8+ Kg7 42. Re7+ Kf8 43. Rf7+ Kg8 44. Rf6 Kg7 45. Rf7+ (45. h5 $142) 45... Kg8 46. Ra7 {[%cal Od3d4] Threatens to win with Kd4!} Rf4 47. h5 {White mates.} gxh5 48. Ne8 ({Less strong is} 48. Rxa6 Rg4 $14) 48... Rf3+ {[#]} 49. Kd4 $1 Rg3 50. Nf6+ (50. Rxa6 Rxg5 51. Ra7 Kf8 $14) 50... Kf8 51. Ke5 Re3+ 52. Kxf5 Re7 53. Ra8+ Kf7 54. g6+ Kg7 55. Nxh5+ {Weighted Error Value: White=0.34/Black=0.50.  Loses game:     	---       	Black=1      Mistake:       	White=4     	Black=5      Inaccurate:     	White=2     	Black=5      OK:         	White=9     	Black=6      Best:        	White=6     	Black=5      Strong:       	White=2     	Black=1} 1-0

[Event "Turkish Youth Teams U18 2024"]
[Site "Karaman"]
[Date "2024.04.23"]
[Round "6"]
[White "Tezcan, Alper"]
[Black "Yilmaz, Kerem Tuna"]
[Result "1/2-1/2"]
[ECO "C56"]
[WhiteElo "1894"]
[BlackElo "2009"]
[Annotator "TA"]
[PlyCount "73"]
[EventDate "2024.04.21"]
[EventType "team-tourn"]
[EventCountry "TUR"]
[SourceTitle "playchess.com"]
[Source "ChessBase"]
[SourceQuality "1"]
[TimeControl "5400+30"]

1. e4 e5 2. Nf3 Nc6 3. d4 exd4 4. Bc4 Nf6 5. e5 d5 6. Bb5 Nd7 7. O-O Be7 8. Bxc6 bxc6 9. Nxd4 Nb8 10. Re1 c5 11. Nb5 {[%cal Od1d5] [#] Qxd5! would now be deadly. The position is equal.} O-O 12. c4 c6 ({Much weaker is} 12... dxc4 13. Qf3 c6 14. Rd1 $14) 13. Nd6 Bxd6 14. exd6 Qxd6 15. Qf3 Be6 16. Bf4 Qd7 17. Qg3 (17. Qa3 {simplifies} Qb7 18. Bd6 Rd8 19. cxd5 cxd5 20. Bxc5 d4 21. Nd2) 17... Bf5 18. Bd6 Re8 19. Nc3 d4 20. Na4 Na6 {aiming for ...Bc2.} 21. Nxc5 Nxc5 22. Bxc5 d3 23. Bb4 {[#]} (23. Rxe8+ $11 {and White stays safe.} Rxe8 24. Be3) 23... c5 $2 24. Bc3 $11 Bg6 (24... f6 $5 25. Re3 Bg6 $11) 25. h3 f6 ({Much worse is} 25... d2 $6 26. Rxe8+ Rxe8 27. Rd1 $16) 26. Qf4 Rad8 27. Rxe8+ Rxe8 28. Re1 {Prevents Re4} Rxe1+ 29. Bxe1 {[%mdl 4096] Endgame. KQB-KQB} h6 30. b3 Kh7 31. Bd2 a6 32. Qe3 Qc7 33. Qe1 Qc6 34. Qe3 ({Better is} 34. Qe7 $14) 34... Be4 ({Black should play} 34... Qc7 $11) 35. Qg3 (35. f3 $14 Bg6 36. Qe7) 35... Bg6 36. Qe3 Be4 37. Qg3 {Weighted Error Value: White=0.19 (very precise) /Black=0.18 (very precise) .  Missed win:     	---       	Black=1      Mistake:       	White=4     	Black=1      Inaccurate:     	White=3     	Black=2      OK:         	White=8     	Black=10} ({White should try} 37. f3 $14 Bg6 38. Qe7) 1/2-1/2

[Event "Turkish Youth Teams U18 2024"]
[Site "Karaman"]
[Date "2024.04.23"]
[Round "6"]
[White "Karabulut, Etka"]
[Black "Yildiz, Tunahan"]
[Result "0-1"]
[ECO "B23"]
[WhiteElo "1815"]
[BlackElo "1881"]
[Annotator "NA RC COMBH"]
[PlyCount "73"]
[EventDate "2024.04.21"]
[EventType "team-tourn"]
[EventCountry "TUR"]
[SourceTitle "playchess.com"]
[Source "ChessBase"]
[SourceQuality "1"]
[TimeControl "5400+30"]

1. e4 c5 2. Nc3 e6 3. d4 cxd4 4. Qxd4 a6 5. Qe3 Qc7 6. Bd2 Nf6 7. Bd3 d6 8. O-O-O b5 9. f3 h5 10. Nh3 Nbd7 11. Nf2 g6 12. f4 Bg7 13. Rhe1 Bb7 14. e5 dxe5 15. fxe5 Ng4 16. Nxg4 hxg4 17. Ne4 Nxe5 18. Ba5 Qxa5 19. Nd6+ Kf8 20. Nxb7 Qxa2 21. Qc5+ Kg8 22. Rxe5 Bh6+ 23. Re3 Qd5 24. Qb6 Bxe3+ 25. Qxe3 Qxb7 26. Be4 Qa7 27. Qf4 Rc8 28. Qxg4 Kg7 29. Qf4 Qc7 30. Qg5 Rh5 31. Qd2 Rxh2 32. Rf1 f5 33. Bd3 Rch8 34. Qe1 e5 35. Bxf5 gxf5 36. Qg3+ Kf6 37. Qg4 0-1

[Event "Turkish Youth Teams U18 2024"]
[Site "Karaman"]
[Date "2024.04.23"]
[Round "6"]
[White "Basdar, Atakan"]
[Black "Pamuk, Yagiz"]
[Result "1/2-1/2"]
[ECO "B25"]
[WhiteElo "1808"]
[BlackElo "1676"]
[Annotator "NA RC COMBH"]
[PlyCount "62"]
[EventDate "2024.04.21"]
[EventType "team-tourn"]
[EventCountry "TUR"]
[SourceTitle "playchess.com"]
[Source "ChessBase"]
[SourceQuality "1"]
[TimeControl "5400+30"]

1. e4 c5 2. Nc3 Nc6 3. g3 g6 4. Bg2 Bg7 5. f4 d6 6. Nf3 e6 7. O-O Nge7 8. d3 O-O 9. Be3 Rb8 10. a4 a6 11. Qd2 b5 12. axb5 axb5 13. d4 b4 14. Ne2 Na5 15. Qd3 Qb6 16. c4 bxc3 17. bxc3 Ba6 18. Qc2 Nb3 19. Rab1 Bxe2 20. Qxe2 Qc6 21. e5 cxd4 22. cxd4 d5 23. g4 Rfc8 24. Kh1 Kh8 25. Kg1 Kg8 26. Kh1 Kh8 27. Kg1 Kg8 28. Kh1 Kh8 29. Kg1 Kg8 30. Kh1 Kh8 31. Kg1 Qc2 1/2-1/2

[Event "Turkish Youth Teams U18 2024"]
[Site "Karaman"]
[Date "2024.04.23"]
[Round "6"]
[White "Karadas, Hena"]
[Black "Yildiz, Elif Zeren"]
[Result "0-1"]
[ECO "B53"]
[WhiteElo "1775"]
[BlackElo "1926"]
[Annotator "TA"]
[PlyCount "142"]
[EventDate "2024.04.21"]
[EventType "team-tourn"]
[EventCountry "TUR"]
[SourceTitle "playchess.com"]
[Source "ChessBase"]
[SourceQuality "1"]
[TimeControl "5400+30"]

1. e4 c5 2. Nf3 d6 3. d4 cxd4 4. Qxd4 Nc6 5. Bb5 Bd7 6. Bxc6 bxc6 7. c4 e5 8. Qd3 Be6 9. O-O Qc7 10. Nc3 Be7 {The position is equal.} 11. Rd1 Nf6 12. Bg5 Rd8 13. b3 h6 14. Bh4 g5 15. Bg3 Nh5 16. Nd2 O-O 17. Nf1 f5 18. exf5 Bxf5 19. Qd2 Bg6 20. b4 Nxg3 21. Nxg3 Rf4 22. Qe2 Qb6 (22... Bf8 $15) 23. b5 (23. a3 $11) 23... Rdf8 $17 24. Rf1 (24. Kh1 $15) 24... Qd4 25. Qe1 (25. Qb2 $17) 25... Qxc4 $19 {Hoping for ...Bd8.} 26. Rc1 (26. bxc6 $17 Qxc6 27. Rd1) 26... R4f7 $2 ({Don't do} 26... cxb5 27. Nce2 Qxa2 28. Ra1) (26... Bd3 $19 27. bxc6 (27. Nce2 $2 Qxb5 28. Nxf4 gxf4 $19) 27... Bxf1 (27... Qxc6 28. Qd1 $11)) 27. bxc6 $17 Qxc6 28. Qd2 {Wards off Bd3} Qa6 {Black is more active.} 29. Nd5 Bd8 {Dodges Rc7} 30. Nb4 Ba5 31. Nxa6 Bxd2 {A strong pair of Bishops.} 32. Rcd1 Bd3 (32... Bc3 $17 33. Ne2 Bb2 34. Rxd6 Rf6) 33. Rxd2 $11 Bxa6 34. Re1 $36 {[%mdl 2048] White fights for an advantage.} Bb7 35. f3 (35. Nh5 $5) 35... Rf6 $1 36. Ne4 Bxe4 37. Rxe4 $15 {[%mdl 4096] Endgame. KRR-KRR} R8f7 38. Ra4 Rd7 39. Rd5 Re6 (39... Kg7 $15) 40. Ra6 $11 Kf7 41. Kf2 Kf6 42. Ke3 Kf5 43. h3 (43. g4+ $11 Kg6 44. Rda5) 43... Rf6 $15 44. Rda5 Rff7 $1 45. Rd5 {[#]} Ke6 46. Rda5 Rb7 47. g3 h5 48. Ra4 Rbc7 49. Ra3 {Wards off Rc3+} Rh7 50. f4 h4 (50... gxf4+ $17 51. gxf4 Rhg7 52. fxe5 Kxe5) 51. fxe5 $11 Kxe5 52. R3a5+ $2 (52. Kd2 $11 {and White stays safe.}) 52... d5 $19 53. gxh4 Rxh4 54. Rxa7 Rxh3+ 55. Kd2 Rc4 56. Re7+ Kd6 (56... Kd4 $19 {And now ...g4 would win.} 57. Rg7 Rd3+ 58. Ke1 Rc1+ 59. Kf2 Rc2+ 60. Ke1 Ke3 61. Re7+ Kf3 62. Rf7+ Kg2) 57. Re2 g4 {Strongly threatening ...g3.} 58. Ra6+ Kc5 {aiming for ...g3.} 59. Ra5+ $2 {[%mdl 8192] This costs White the game.} (59. Rg2 $17 {is more resistant.}) 59... Kd4 {White must now prevent ...g3.} 60. Ra8 Rhc3 61. Rg8 g3 62. Rg4+ Kc5 {( -> ...Rc2+)} 63. Rxc4+ $2 {[#]} (63. Rg8 $19) 63... Kxc4 {KR-KR} 64. Rg2 Ra3 {Black mates.} 65. Ke1 d4 66. Rd2 Kc3 67. Rg2 d3 68. Rxg3 Rxa2 69. Rg8 Ra1+ 70. Kf2 d2 71. Rc8+ Kb4 {Weighted Error Value: White=0.41/Black=0.20 (precise) .  Loses game:     	White=2     	---        Missed win:     	---       	Black=1      Mistake:       	White=6     	Black=5      Inaccurate:     	White=9     	Black=5      OK:         	White=17    	Black=20     Best:        	White=4     	Black=8      Strong:       	---       	Black=2} 0-1

[Event "Turkish Youth Teams U18 2024"]
[Site "Karaman"]
[Date "2024.04.23"]
[Round "6"]
[White "Aygun, Metin Efe"]
[Black "Buyuk, Eymen Eren"]
[Result "0-1"]
[ECO "D02"]
[WhiteElo "1743"]
[BlackElo "1998"]
[Annotator "TA"]
[PlyCount "76"]
[EventDate "2024.04.21"]
[EventType "team-tourn"]
[EventCountry "TUR"]
[SourceTitle "playchess.com"]
[Source "ChessBase"]
[SourceQuality "1"]
[TimeControl "5400+30"]

1. d4 d5 2. Bf4 Nf6 3. Nf3 e6 4. e3 c5 5. c3 Nc6 6. Bd3 Be7 7. h3 O-O 8. O-O b6 9. Nbd2 Bb7 10. Bh2 Bd6 11. Ne5 Nd7 12. Ndf3 {The position is equal.} f6 13. Nxc6 Bxh2+ 14. Nxh2 Bxc6 15. Qh5 f5 16. Qe2 Qc7 17. Nf3 e5 18. dxe5 Nxe5 19. Nxe5 Qxe5 20. c4 Kh8 21. Rfe1 Rae8 22. cxd5 Bxd5 23. Bb5 Re7 24. b3 f4 25. exf4 Qxf4 $40 {[%mdl 128] White needs to defend precisely.} 26. Qf1 Ref7 27. Rad1 Rf5 28. Rd3 Rg5 {[#]} 29. Rg3 {[%mdl 8192] Now White is beyond hope.} Rxg3 $19 {Black is clearly winning.} 30. fxg3 Qd4+ 31. Kh2 Rxf1 32. Re8+ Bg8 33. Bxf1 {[#]} Qd7 $1 34. Rb8 Qc7 35. Rf8 Qe7 36. Rb8 Qe5 37. Ra8 h5 {White must now prevent ...h4.} 38. Bc4 {[#]} h4 $1 {Weighted Error Value: White=0.27 (precise) /Black=0.05 (flawless) .  Loses game:     	White=1     	---        OK:         	White=9     	Black=3      Best:        	---       	Black=3} 0-1